 Dungeon Crawl Stone Soup version 0.21-a0 (webtiles) character file.

73903 EvilAshe the Severer (level 15, 0/139 HPs)
             Began as a Minotaur Fighter on May 19, 2017.
             Was the Champion of Makhleb.
             Slain by a naga mage
             ... wielding a +0 spear
              (3 damage)
             ... on level 2 of the Snake Pit.
             The game lasted 01:08:59 (23814 turns).

EvilAshe the Severer (Minotaur Fighter)            Turns: 23814, Time: 01:09:00

Health: 0/139      AC: 20    Str: 23    XL:     15   Next: 5%
Magic:  0/18       EV:  4    Int:  5    God:    Makhleb [******]
Gold:   978        SH:  0    Dex: 18    Spells: 14/14 levels left

rFire    . . .     SeeInvis .   g - +0 battleaxe (freeze)
rCold    . . .     Gourm    .   (shield currently unavailable)
rNeg     . . .     Faith    .   E - +0 plate armour
rPois    +         Spirit   +   (helmet restricted)
rElec    .         Reflect  .   Z - scarf {Spirit}
rCorr    .         Harm     .   G - +1 pair of gloves
MR       +....                  L - +0 pair of boots
Stlth    ..........             S - amulet of rage
Regen    0.4/turn               b - +4 ring of dexterity (curse)
MPRegen  0.2/turn               N - ring of poison resistance

@: slowed, constricted, very slow
A: retaliatory headbutt, horns 2
a: Minor Destruction, Lesser Servant of Makhleb, Major Destruction, Greater
Servant of Makhleb, Renounce Religion, Evoke Berserk Rage


You were on level 2 of the Snake Pit.
You worshipped Makhleb.
Makhleb was exalted by your worship.
You were hungry.

You visited 3 branches of the dungeon, and saw 21 of its levels.
You also visited: Ice Cave.

You collected 1522 gold pieces.
You spent 544 gold pieces at shops.

Inventory:

Hand Weapons
 g - a +0 battleaxe of freezing (weapon)
Missiles
 s - 534 stones (quivered)
Armour
 E - a +0 plate armour (worn)
 G - a +1 pair of gloves (worn)
 L - a +0 pair of boots (worn)
 Z - a scarf of spirit shield (worn)
Jewellery
 b - a cursed +4 ring of dexterity (left hand)
 q - an uncursed ring of ice
 r - an uncursed ring of stealth
 t - the ring of Mutoalaxt {Ice +Blink rN+ MR+ Dex-3}
   (You found it in an ice cave)

   [ring of ice]

   It enhances your ice magic.
   It affects your dexterity (-3).
   It makes you vulnerable to fire.
   It protects you from cold.
   It protects you from negative energy.
   It affects your resistance to hostile enchantments.
   It lets you blink.
 H - an uncursed ring of resist corrosion
 I - an uncursed ring of flight
 N - a ring of poison resistance (right hand)
 S - an amulet of rage (around neck)
Wands
 a - a wand of confusion (32/48)
 d - a wand of polymorph (14/24)
 l - a wand of paralysis (10/24)
 n - a wand of lightning (4/15)
 p - a wand of clouds (3/9)
 y - a wand of digging (9/24)
 K - a wand of paralysis (10/24)
 P - a wand of lightning (10/15)
 R - a wand of paralysis (9/24)
 U - a wand of confusion (31/48)
Scrolls
 h - 12 scrolls of identify
 i - 9 scrolls of remove curse
 j - 4 scrolls of fog
 k - 6 scrolls of blinking
 m - 10 scrolls of teleportation
 B - a scroll of enchant weapon
 F - a scroll of amnesia
 O - a scroll of silence
 V - 2 scrolls of magic mapping
 W - a scroll of enchant armour
 X - 4 scrolls of fear
Potions
 c - 4 potions of flight
 e - 8 potions of heal wounds
 u - 6 potions of lignification
 v - 3 potions of curing
 x - a potion of magic
 C - a potion of cancellation
 D - a potion of agility
 M - 3 potions of brilliance
 Y - a potion of invisibility
Books
 Q - a book of Necromancy

   Spells                             Type                      Level
   a - Pain                           Necromancy                   1
   b - Animate Skeleton               Necromancy                   1
   c - Vampiric Draining              Necromancy                   3
   d - Regeneration                   Charms/Necromancy            3
   e - Animate Dead                   Necromancy                   4
   f - Control Undead                 Necromancy                   4
Miscellaneous
 o - a lightning rod (4/4)
 z - a phial of floods
Comestibles
 f - 13 bread rations
 w - 37 fruits
 A - 10 meat rations


   Skills:
 + Level 14.5 Fighting
 * Level 19.2 Axes
 + Level 14.4 Armour
   Level 11.5 Shields
 + Level 5.6 Invocations
 - Level 4.0 Evocations


You had 14 spell levels left.
You didn't know any spells.

Dungeon Overview and Level Annotations

Branches:
Dungeon (13/15)            Temple (0/1) D:7            Lair (6/6) D:10
 Shoals (0/4) Lair:2        Snake (2/4) Lair:3        Slime (0/5) Lair:6
    Orc (0/2) D:12         Vaults (0/5) D:13

Altars:
Ashenzari
Cheibriados
Elyvilon
Gozag
Hepliaklqana
Kikubaaqudgha
Makhleb
Nemelex Xobeh
Qazlal
Sif Muna
Vehumet
Wu Jian
Xom
Yredelemnul

Shops:
D:13 ?*=

Annotations:
D:8 Erica
D:12 1 exclusion
Lair:1 exclusion: 2 oklob plants
Lair:4 exclusion: oklob plant


Innate Abilities, Weirdness & Mutations

You reflexively headbutt those who attack you in melee.
You have a pair of horns on your head.


Message History

You escape the naga warrior's grasp.
* * * LOW HITPOINT WARNING * * *
You feel very sick.
The naga mage hits you from afar with a spear.
* * * LOW HITPOINT WARNING * * *
The salamander hits you but does no damage.
The naga mage barely misses you.
You see here a black mamba corpse.
You feel better.
The salamander mystic seems to regain its courage.
The naga shouts, "No!
I'll never do that again!"
The naga mage hits you from afar with a spear.
* * * LOW HITPOINT WARNING * * *
The salamander hits you but does no damage.
The naga warrior closely misses you. You furiously retaliate!
You headbutt the naga warrior. The naga warrior grabs you.
* * * LOW HITPOINT WARNING * * *
The naga warrior constricts you.
The naga mage hits you from afar with a spear.
You die...

#N........# #..##
##..## ##S.## #######
##.>###..N..###
##)#.........#
##N........##
#..(.......#
##.@NN.....## #
#..S..(...## ##
#...N.....# ###.
#.........## ##..)
#..........## ##..##
#N..........####..###
.N.....#.....#.......
#....####.............
>### #............#


You could see a naga warrior, a salamander mystic, 2 salamanders, a black mamba,
a naga mage and 2 nagas.

Vanquished Creatures
  A sphinx (D:12)
  Kirke (Snake:1)
  A frost giant (IceCv)
  Louise (Snake:1)
  An emperor scorpion (Lair:3)
  An entropy weaver (Lair:4)
  The ghost of newuser the Fighter, a journeyman GnSk of Hepliaklqana (IceCv)
  Snorg (D:11)
  A naga warrior (Snake:1)
  2 hydras (Lair:6)
  2 anacondas
  Harold (Lair:1)
  A merfolk avatar (Lair:6)
  6 two-headed ogres
  A naga sharpshooter (Snake:1)
  A death yak (Lair:4)
  Urug (Lair:3)
  2 unseen horrors
  2 harpies (Lair:6)
  2 mana vipers (Snake:1)
  A wolf spider (D:12)
  2 cyclopes
  A necromancer (D:13)
  5 salamanders
  2 manticores
  A cyclops (shapeshifter) (D:12)
  5 elephants
  3 naga magi
  16 black mambas
  2 guardian serpents
  A gargoyle (D:11)
  A merfolk siren (Lair:2)
  11 spiny frogs
  7 komodo dragons
  A torpor snail (Lair:6)
  6 rime drakes
  A yaktaur (D:12)
  18 polar bears
  6 trolls
  6 hornets
  2 blink frogs (Lair:6)
  A wind drake (Lair:6)
  8 hippogriffs
  2 dream sheep (Lair:6)
  5 slime creatures (D:12)
  A wraith (D:12)
  A shadow (D:13)
  A human (shapeshifter) (D:13)
  32 yaks
  3 wyverns (Lair:6)
  Grum (D:11)
  3 basilisks
  5 hogs (Snake:1)
  A hungry ghost (D:8)
  6 swamp worms (Lair:1)
  A soldier ant (D:13)
  7 water moccasins
  13 nagas
  A porcupine (shapeshifter) (D:13)
  6 porcupines
  A hornet zombie (D:6)
  4 sky beasts
  7 orc warriors
  3 black bears
  3 ice beasts
  10 ogres
  3 necrophages
  14 wolves
  7 phantoms
  7 centaurs
  9 crocodiles
  3 big kobolds
  15 bullfrogs
  A wyvern zombie (D:13)
  4 scorpions
  A water moccasin skeleton (D:9)
  5 killer bees (D:5)
  11 wights
  3 howler monkeys
  An electric eel (D:9)
  A centaur zombie (D:10)
  3 crimson imps
  2 bullfrog zombies
  5 jellies
  4 hounds
  15 orc wizards
  9 orc priests
  A bullfrog skeleton (D:7)
  Ijyb (D:5)
  6 iguanas
  8 worker ants
  A hound zombie (D:7)
  7 gnolls
  11 adders
  3 shadow imps
  2 oozes
  An adder zombie (D:7)
  An adder skeleton (D:4)
  14 worms
  2 dart slugs
  3 leopard geckos
  52 orcs
  2 ball pythons (D:1)
  4 giant cockroaches
  10 goblins
  5 hobgoblins
  3 jackals (D:3)
  3 quokkas
  7 bats
  4 frilled lizards
  A jackal skeleton (D:8)
  10 kobolds
  A leopard gecko zombie (D:7)
  A quokka skeleton (D:6)
  4 rats
  A fungus (Lair:5)
  4 plants
  A withered plant (D:9)
551 creatures vanquished.

Vanquished Creatures (collateral kills)
  A hydra (Lair:6)
  A rime drake (Lair:6)
  A polar bear (Lair:6)
  2 blink frogs (Lair:6)
5 creatures vanquished.

Vanquished Creatures (others)
  A yak (IceCv)
  5 wolves (IceCv)
  8 fungi
  12 plants
26 creatures vanquished.

Grand Total: 582 creatures vanquished

Notes
Turn   | Place    | Note
-------+----------+-------------------------------------------
     0 | D:1      | EvilAshe the Minotaur Fighter began the quest for the Orb.
     0 | D:1      | Reached XP level 1. HP: 19/19 MP: 0/0
   369 | D:1      | Reached XP level 2. HP: 26/27 MP: 1/1
   651 | D:2      | Reached skill level 3 in Axes
   933 | D:2      | Reached XP level 3. HP: 32/33 MP: 2/2
  1924 | D:3      | Found a radiant altar of Vehumet.
  2138 | D:3      | Reached XP level 4. HP: 40/40 MP: 3/3
  2149 | D:3      | Reached skill level 4 in Axes
  2201 | D:4      | Noticed an orc warrior
  2359 | D:4      | Noticed an ogre
  2375 | D:4      | Killed an ogre
  2375 | D:4      | Reached XP level 5. HP: 47/47 MP: 4/4
  2525 | D:4      | Reached skill level 5 in Axes
  2700 | D:4      | Noticed Ijyb
  2849 | D:5      | Entered Level 5 of the Dungeon
  2872 | D:5      | Reached skill level 5 in Shields
  2882 | D:5      | Reached XP level 6. HP: 40/55 MP: 5/5
  2887 | D:4      | Reached skill level 5 in Fighting
  3037 | D:5      | Found a sparkling altar of Nemelex Xobeh.
  3354 | D:5      | Reached skill level 5 in Armour
  3470 | D:5      | Reached skill level 6 in Axes
  3470 | D:5      | Reached XP level 7. HP: 57/61 MP: 6/6
  3727 | D:5      | Found a burning altar of Makhleb.
  3727 | D:5      | Noticed a blizzard demon
  3731 | D:5      | Noticed a hellwing
  3731 | D:5      | Noticed a hellwing
  3733 | D:5      | Became a worshipper of Makhleb the Destroyer
  3801 | D:5      | Reached skill level 7 in Axes
  4038 | D:5      | Reached XP level 8. HP: 63/70 MP: 7/7
  4188 | D:6      | Reached skill level 8 in Axes
  4319 | D:6      | Found a stormy altar of Qazlal.
  4437 | D:6      | Reached * piety under Makhleb
  4964 | D:7      | Reached skill level 9 in Axes
  5137 | D:7      | Reached XP level 9. HP: 79/79 MP: 8/8
  5141 | D:7      | Found an ornate altar of the Wu Jian Council.
  5201 | D:7      | Found a staircase to the Ecumenical Temple.
  5615 | D:7      | Found a deep blue altar of Sif Muna.
  5739 | D:8      | Noticed Erica
  5813 | D:5      | Killed Ijyb
  5859 | D:4      | Found an opulent altar of Gozag.
  5950 | D:4      | Reached skill level 10 in Axes
  6133 | D:4      | Reached ** piety under Makhleb
  6279 | D:4      | Found a shattered altar of Ashenzari.
  6291 | D:4      | Found a shimmering altar of Xom.
  6307 | D:4      | Found a white marble altar of Elyvilon.
  6328 | D:4      | Found a snail-covered altar of Cheibriados.
  6531 | D:8      | Found a shimmering altar of Xom.
  6658 | D:8      | Reached skill level 11 in Axes
  6665 | D:8      | Reached XP level 10. HP: 87/90 MP: 9/9
  6866 | D:8      | Found a hazy altar of Hepliaklqana.
  7294 | D:9      | Found an ancient bone altar of Kikubaaqudgha.
  7539 | D:9      | Reached *** piety under Makhleb
  7768 | D:10     | Entered Level 10 of the Dungeon
  7768 | D:10     | Found a staircase to the Lair.
  8150 | D:10     | Noticed a two-headed ogre
  8173 | D:10     | Killed a two-headed ogre
  8173 | D:10     | Reached skill level 12 in Axes
  8635 | D:11     | Noticed a manticore
  8645 | D:11     | Killed a manticore
  8873 | D:11     | Reached **** piety under Makhleb
  8963 | D:11     | Noticed a two-headed ogre
  8968 | D:11     | Killed a two-headed ogre
  8968 | D:11     | Reached skill level 10 in Shields
  8968 | D:11     | Reached XP level 11. HP: 99/99 MP: 10/10
  8972 | D:11     | Noticed Grum
  8992 | D:11     | Killed Grum
  9119 | D:11     | Noticed Snorg
  9693 | D:12     | Reached skill level 13 in Axes
  9693 | D:12     | Reached skill level 10 in Armour
  9705 | D:12     | Reached skill level 10 in Fighting
  9809 | D:12     | Found a frozen archway.
  9830 | IceCv    | Entered an ice cave
  9962 | IceCv    | Noticed newuser's ghost (journeyman GnSk)
  9972 | IceCv    | Killed newuser's ghost
 10004 | IceCv    | Identified the Tome of the Cloudy Snowflakes
 10073 | IceCv    | Reached skill level 14 in Axes
 10273 | IceCv    | Reached ***** piety under Makhleb
 10287 | IceCv    | Reached XP level 12. HP: 94/110 MP: 11/11
 10707 | IceCv    | Noticed a frost giant
 10757 | IceCv    | Killed a frost giant
 11099 | IceCv    | Got a smoking tin ring
 11100 | IceCv    | Identified the ring of Mutoalaxt {Ice +Blink rN+ MR+ Dex-3} (You found it in an ice cave)
 11194 | D:12     | Paralysed by a hornet for 3 turns
 11200 | D:12     | Reached skill level 15 in Axes
 11667 | D:12     | Noticed a sphinx
 11673 | D:12     | Killed a sphinx
 12023 | D:12     | Found a staircase to the Orcish Mines.
 12040 | D:12     | Reached skill level 1 in Evocations
 12370 | D:13     | Reached skill level 16 in Axes
 12472 | D:13     | Noticed a two-headed ogre
 12481 | D:13     | Killed a two-headed ogre
 12498 | D:13     | Found Cogiosucs's Assorted Antiques.
 12509 | D:13     | Found Remeisuir's Weapon Shop.
 12514 | D:13     | Bought a potion of heal wounds for 120 gold pieces
 12514 | D:13     | Bought a potion of curing for 72 gold pieces
 12555 | D:13     | Noticed a two-headed ogre
 12576 | D:13     | Killed a two-headed ogre
 12576 | D:13     | Reached XP level 13. HP: 112/117 MP: 13/13
 12737 | D:13     | Found Ushrihorr's Magic Scroll Shoppe.
 12740 | D:13     | Bought a scroll of fear for 52 gold pieces
 12866 | D:13     | Found a gate to the Vaults.
 12894 | D:13     | Found Xyajat's Jewellery Emporium.
 13075 | D:11     | Killed Snorg
 13724 | Lair:1   | Entered Level 1 of the Lair of Beasts
 13871 | Lair:1   | Noticed Harold
 13886 | Lair:1   | Killed Harold
 16275 | Lair:2   | Found a staircase to the Shoals.
 16544 | Lair:3   | Reached skill level 17 in Axes
 16552 | Lair:3   | Found a staircase to the Snake Pit.
 16641 | Lair:3   | Noticed an emperor scorpion
 16641 | Lair:3   | a five-headed hydra changed into an emperor scorpion
 16665 | Lair:3   | Killed an emperor scorpion
 17543 | Lair:3   | Noticed Urug
 17567 | Lair:3   | Killed Urug
 17804 | Lair:4   | Identified a scroll of acquirement
 17863 | Lair:4   | You fall through a shaft!
 18188 | Lair:5   | Reached skill level 1 in Invocations
 18336 | Lair:4   | Found a basalt altar of Yredelemnul.
 18410 | Lair:4   | Noticed an entropy weaver
 18410 | Lair:4   | a four-headed hydra changed into an entropy weaver
 18430 | Lair:4   | Killed an entropy weaver
 19143 | Lair:4   | Reached ****** piety under Makhleb
 19147 | Lair:4   | Reached XP level 14. HP: 129/129 MP: 14/16
 20047 | Lair:6   | Entered Level 6 of the Lair of Beasts
 20258 | Lair:6   | Reached skill level 18 in Axes
 20648 | Lair:6   | Paralysed by a hornet for 1 turns
 20933 | Lair:6   | Found a staircase to the Slime Pits.
 21590 | D:13     | Bought an uncursed ring of poison resistance for 300 gold pieces
 21750 | Snake:1  | Entered Level 1 of the Snake Pit
 22614 | Snake:1  | Noticed Kirke
 22637 | Snake:1  | Killed Kirke
 22637 | Snake:1  | Reached skill level 5 in Invocations
 22823 | Snake:1  | Noticed Louise
 22866 | Snake:1  | Killed Louise
 22866 | Snake:1  | Reached skill level 19 in Axes
 23579 | Snake:1  | Reached XP level 15. HP: 113/139 MP: 12/18
 23813 | Snake:2  | HP: 6/139 [naga mage/spear (1)]
 23814 | Snake:2  | Slain by a naga mage

Vault maps used:
D:1:      evilmike_arrival_hilbert_curve, serial_park_tiny_pond
D:3:      vehumet_crystals
D:4:      kennysheep_the_goblin_king, lemuel_crystal_altar,
          grunt_temple_overflow_cloverleaf, first_bread, kennysheep_potato
D:5:      nemelex_xobeh_ov_fountains_minmay, makhleb_altar_promises_db
D:6:      grunt_qazlal_sundering
D:7:      lemuel_coloured_pillars_altar, tgw_sif, minmay_temple_entry_poolview
D:8:      lemuel_crystal_altar, basic_altar, uniq_erica
D:9:      kiku_gazebo_garden_becter
D:10:     lair_entry_dummy, blue_anna_alchemist
D:11:     uniq_grum, uniq_snorg
D:12:     minmay_containers, portal_ice_cave_rime
D:13:     david_vaults_4, serial_shops, shop, kennysheep_mini, shop, shop
Lair:1:   worms_lemuel, grunt_megastairs_2, minmay_lair_oklob_chamber,
          uniq_harold
Lair:2:   minmay_shoals_entry_lonely_mermaid, infiniplex_staircase_pool_2
Lair:3:   minmay_snake_entry_guardpost_small, grunt_megastairs_1, uniq_urug
Lair:4:   lemuel_oklob_altar
Lair:6:   gammafunk_lair_ancient_temple, dpeg_slime_entry_corner
Snake:1:  uniq_louise, uniq_kirke
Snake:2:  serial_shops, shop, uniq_aizul
IceCv:    ice_cave_caverns_03

Skill      XL: |  1  2  3  4  5  6  7  8  9 10 11 12 13 14 |
---------------+-------------------------------------------+-----
Axes           | 3 4 5 6 7 9 11 12 14 16 17 19 | 19.2
Shields        | 4 5 6 7 8 10 11 | 11.5
Fighting       | 4 5 6 7 8 9 11 12 13 14 | 14.5
Armour         | 4 5 7 8 9 10 12 13 14 | 14.4
Evocations     | 2 4 |  4.0
Invocations    | 2 5 |  5.6

Action                   |  1- 3 |  4- 6 |  7- 9 | 10-12 | 13-15 || total
-------------------------+-------+-------+-------+-------+-------++-------
Melee: War axe           |    99 |    96 |   293 |   485 |       ||   973
       Headbutt          |    13 |    16 |    48 |   122 |   164 ||   363
       Unarmed           |       |       |       |    10 |       ||    10
       Battleaxe         |       |       |       |   152 |   770 ||   922
Throw: Stone             |    60 |    56 |   158 |   279 |   216 ||   769
 Abil: Evoke Flight      |       |       |     1 |       |       ||     1
Evoke: Wand              |       |     2 |     9 |     7 |    24 ||    42
  Use: Potion            |       |       |     2 |     9 |     8 ||    19
       Scroll            |       |       |    11 |    15 |    11 ||    37
 Stab: Confused          |       |     1 |       |       |       ||     1
  Eat: Chunk             |     4 |     4 |    11 |    16 |    28 ||    63
       Royal jelly       |       |       |       |     2 |     1 ||     3
       Meat ration       |       |       |       |       |     1 ||     1
Armor: Scale mail        |    33 |       |       |       |       ||    33
       Chain mail        |       |    32 |    49 |       |       ||    81
       Plate armour      |       |       |    69 |   267 |   447 ||   783
       Skin              |       |       |       |    67 |    26 ||    93
Dodge: Dodged            |    23 |    16 |    58 |   130 |   211 ||   438
Block: Shield            |    43 |    50 |   145 |   259 |       ||   497
